 Dungeon Crawl Stone Soup version 0.19.3 (webtiles) character file.

63 Macro the Sneak (level 4, 0/27 HPs)
             Began as a Halfling Enchanter on Jan 22, 2017.
             Slain by a worm (10 damage)
             ... on level 2 of the Dungeon.
             The game lasted 00:08:43 (1430 turns).

Macro the Sneak (Halfling Enchanter)                Turns: 1430, Time: 00:08:44

Health: 0/27       AC:  3    Str:  9    XL:     4   Next: 31%
Magic:  1/6        EV: 15    Int: 14    God:
Gold:   60         SH:  0    Dex: 14    Spells: 2 memorised, 3 levels left

rFire  . . .     SeeInvis .     a - +1 dagger
rCold  . . .     Gourm    .     b - +1 robe
rNeg   . . .     Faith    .     (shield restricted)
rPois  .         Spirit   .     (no helmet)
rElec  .         Reflect  .     (no cloak)
rCorr  .         Harm     .     (no gloves)
MR     .....                    (no boots)
Stlth  +++.......               (no amulet)
                                (no ring)
                                (no ring)

@: no status effects
A: mutation resistance 1
a: no special abilities


You were on level 2 of the Dungeon.
You were not hungry.

You visited 1 branch of the dungeon, and saw 2 of its levels.

You collected 60 gold pieces.

Inventory:

Hand Weapons
 a - a +1 dagger (weapon)
Armour
 b - a +1 robe (worn)
Scrolls
 h - a scroll of teleportation {unknown}
 j - 2 scrolls of remove curse {unknown}
 k - a scroll of random uselessness {unknown}
Potions
 e - a potion of ambrosia {unknown}
 g - 2 potions of mutation {unknown}
 l - a potion of resistance {unknown}
 m - a potion of agility {unknown}
Books
 c - a book of Maledictions

   Spells                             Type                      Level
   a - Corona                         Hexes                        1
   b - Ensorcelled Hibernation        Hexes/Ice                    2
   c - Confuse                        Hexes                        3
   d - Tukima's Dance                 Hexes                        3
   e - Dazzling Spray                 Conjuration/Hexes            3
Comestibles
 d - 2 bread rations
 f - 3 fruits
 i - a meat ration


   Skills:
 + Level 0.5 Fighting
 + Level 1.5 Short Blades
 + Level 2.7 Dodging
 * Level 3.9 Stealth
 + Level 1.8 Spellcasting
 * Level 3.0 Hexes
 * Level 0.6 Ice Magic


You had 3 spell levels left.
You knew the following spells:

 Your Spells              Type           Power        Failure   Level  Hunger
a - Corona                Hex            #......      10%         1    ##.....
b - Ensorcelled Hibernat  Hex/Ice        #.....       21%         2    ###....


Dungeon Overview and Level Annotations

Branches:
Dungeon (2/15)

Altars:


Innate Abilities, Weirdness & Mutations

You are small and have problems with some larger weapons.
You are somewhat resistant to further mutation.


Message History

The worm is moderately wounded.
You barely miss the worm.
The worm is moderately wounded.
The worm closely misses you.
You hit the worm.
The worm is moderately wounded.
The worm stops glowing.
You hit the worm.
The worm is moderately wounded.
The worm closely misses you.
All of the chunks of flesh in your inventory have rotted away.
You barely miss the worm.
The worm is moderately wounded.
The worm bites you.
You hit the worm.
The worm is moderately wounded.
You hit the worm.
The worm is heavily wounded.
The worm bites you!
You die...

### #########.. #
#..K....>.#####.#.##
#.# #(....†...$# #.#
#....##.....#
########.#
#w##.........
...)...÷.#
#@#####.....#
########.#
#..........## #.#
#.###.......#
#.#######†# #. ..#
#.........# .
###.#####....... ###
#.# #####.## ....
#.# #### #.#


You could see a worm.

Vanquished Creatures
  2 adders (D:2)
  An ooze (D:1)
  A worm (D:2)
  A dart slug (D:1)
  2 ball pythons (D:1)
  4 bats (D:1)
  4 giant cockroaches
  3 goblins (D:1)
  2 hobgoblins
  3 jackals (D:1)
  2 kobolds (D:2)
  4 frilled lizards
  7 rats
36 creatures vanquished.

Notes
Turn   | Place    | Note
-------+----------+-------------------------------------------
     0 | D:1      | Macro the Halfling Enchanter began the quest for the Orb.
     0 | D:1      | Reached XP level 1. HP: 11/11 MP: 3/3
    82 | D:1      | Reached XP level 2. HP: 13/17 MP: 2/4
    89 | D:1      | Learned a level 2 spell: Ensorcelled Hibernation
   430 | D:1      | Reached XP level 3. HP: 10/21 MP: 0/5
  1128 | D:2      | Reached XP level 4. HP: 23/27 MP: 3/6
  1430 | D:2      | Slain by a worm

Skill      XL: |  1  2  3  4 |
---------------+-------------+-----
Hexes          | 3 |  3.0
Fighting       | |  0.5
Short Blades   | |  1.5
Dodging        | |  2.7
Stealth        | |  3.9
Spellcasting   | |  1.8
Ice Magic      | |  0.6

Action                   |  1- 3 |  4- 6 || total
-------------------------+-------+-------++-------
Melee: Dagger            |   138 |    56 ||   194
 Cast: Corona            |     9 |     1 ||    10
       Ensorcelled Hiber |    14 |     7 ||    21
 Stab: Sleeping          |     7 |     1 ||     8
  Eat: Chunk             |     2 |     2 ||     4
Armor: Robe              |    35 |     6 ||    41
Dodge: Dodged            |   119 |    36 ||   155
